 Dungeon Crawl Stone Soup version 0.26.0-16-gc1dbca0489 (webtiles) character file.

Game seed: 6683842844757526974

149 Majorwet the Chopper (level 5, -1/47 HPs)
             Began as a Hill Orc Fighter on Jan 19, 2021.
             Slain by Sigmund
             ... wielding a +0 scythe
              (3 damage)
             ... on level 3 of the Dungeon.
             The game lasted 00:08:09 (2234 turns).

Majorwet the Chopper (Hill Orc Fighter)             Turns: 2234, Time: 00:08:09

Health: -1/47      AC:  7    Str: 20    XL:     5   Next: 31%
Magic:  5/5        EV:  7    Int:  8    God:
Gold:   152        SH:  0    Dex: 10    Spells: 4/4 levels left

rFire    . . .     SeeInvis .   a - +0 war axe
rCold    . . .     Faith    .   c - +0 kite shield
rNeg     . . .     Spirit   .   b - +0 scale mail
rPois    .         Reflect  .   (no helmet)
rElec    .         Harm     .   (no cloak)
rCorr    .         Rampage  .   (no gloves)
Will     .....                  (no boots)
Stlth    ..........             (no amulet)
HPRegen  0.15/turn              (no ring)
MPRegen  0.09/turn              (no ring)

@: confused
A: no striking features
a: no special abilities


You were on level 3 of the Dungeon.
You visited 1 branch of the dungeon, and saw 3 of its levels.

You collected 152 gold pieces.

Inventory:

Hand Weapons
 a - a +0 war axe (weapon)
Armour
 b - a +0 scale mail (worn)
 c - a +0 kite shield (worn)
Jewellery
 f - an uncursed amulet of the acrobat {unknown}
Wands
 e - a wand of polymorph (4)
Scrolls
 g - 3 scrolls of teleportation {unknown}
Potions
 d - 2 potions of might
 h - a potion of invisibility {unknown}
 i - a potion of haste {unknown}


   Skills:
 + Level 4.3 Fighting
 + Level 4.8 Axes
 + Level 4.3 Armour
 + Level 0.2 Dodging
 + Level 0.1 Stealth
 + Level 3.9 Shields


You had 4 spell levels left.
You didn't know any spells.
Your spell library was empty.

Dungeon Overview and Level Annotations

Branches:
Dungeon (3/15)

Altars:
Kikubaaqudgha
The Shining One

Annotations:
D:3 Sigmund


Message History

You miss something. You block something's attack.
You closely miss something.
You hear some strange, mumbled words.
A magic dart appears from out of thin air!
The magic dart hits you.
You barely miss something. Something hits you!
You hit something. Something hits you.
You closely miss something. Something hits you.
You miss something. You closely miss something.
You hear some strange, mumbled words.
You are confused.
Something hits you!
* * * LOW HITPOINT WARNING * * *
You're too confused to move!
You closely miss something. Something hits you!
* * * LOW HITPOINT WARNING * * *
Something hits you but does no damage. Something hits you.
You die...

#...###.#..# ##
#...†..)...# #......#...#
###....#...#
######################....
#...................##..###
###...#...#...#...#..# .>.
#..............?.{.._# ####
..#...#...#...#.@.#..#
.....................#
..#################### ...#
...# ...# ...# ...# ...#


There were no monsters in sight!

Vanquished Creatures
  An orc priest (D:3)
  Terence (D:2)
  3 adders (D:3)
  An ooze (D:3)
  A worm (D:2)
  A dart slug (D:2)
  A leopard gecko (D:2)
  2 orcs (D:3)
  3 giant cockroaches
  4 goblins
  7 hobgoblins
  10 jackals
  4 kobolds
  A quokka (D:3)
  6 bats
  3 frilled lizards
  5 rats
54 creatures vanquished.

Notes
Turn   | Place    | Note
-------+----------+-------------------------------------------
     0 | D:1      | Majorwet the Hill Orc Fighter began the quest for the Orb.
     0 | D:1      | Reached XP level 1. HP: 19/19 MP: 1/1
   221 | D:1      | Found a glowing golden altar of the Shining One.
   242 | D:1      | Reached XP level 2. HP: 24/27 MP: 2/2
   773 | D:2      | Reached XP level 3. HP: 33/33 MP: 3/3
  1123 | D:2      | Noticed Terence
  1130 | D:2      | Killed Terence
  1131 | D:2      | Reached XP level 4. HP: 40/40 MP: 4/4
  2036 | D:3      | Reached XP level 5. HP: 43/47 MP: 5/5
  2212 | D:3      | Found an ancient bone altar of Kikubaaqudgha.
  2212 | D:3      | Noticed Sigmund
  2232 | D:3      | HP: 2/47 [something (7)]
  2234 | D:3      | Slain by Sigmund

Illustrated notes

Levels and vault maps discovered:
D:1:      amcnicky_arrival_blooded_trapdoor, layout_rooms, tso_altar
D:2:      layout_basic, chequers_serial_rivers_small_3, uniq_terence
D:3:      layout_basic, lemuel_coloured_pillars_altar, uniq_sigmund

Skill      XL: |  1  2  3  4 |
---------------+-------------+-----
Axes           | 3 4 |  4.8
Fighting       | 4 |  4.3
Armour         | 4 |  4.3
Dodging        | |  0.2
Stealth        | |  0.1
Shields        | |  3.9

Action                   |  1- 3 |  4- 6 || total
-------------------------+-------+-------++-------
Melee: War axe           |    96 |    81 ||   177
  Use: Scroll            |       |     1 ||     1
Armor: Scale mail        |    43 |    37 ||    80
       Skin              |     1 |     1 ||     2
Dodge: Dodged            |    39 |    17 ||    56
Block: Kite shield       |    58 |    50 ||   108
